| TOP OF THE 1ST |
|
Dayton Dragons batting - Pitching for Greensboro Grasshoppers : RHP Tim Barnett
|
|
Pitching: RHP Tim Barnett
|
|
|
Batting: LHB Nick Nino
|
0-0: Ball 1-0: Fly out, F7 (Flyball, 7, EV 94.4 MPH)
|
|
Batting: LHB Leo Gomez
|
0-0: Called Strike 0-1: Called Strike 0-2: Ball 1-2: Strikes out swinging
|
|
Batting: SHB Kristian Kristensen
|
0-0: Fly out, F8 (Flyball, 89D, EV 87.5 MPH)
|
| Top of the 1st over - 0 runs, 0 hits, 0 errors, 0 left on base; Dayton 0 - Greensboro 0 |
| BOTTOM OF THE 1ST |
|
Greensboro Grasshoppers batting - Pitching for Dayton Dragons : RHP Roberto Cortez
|
|
Pitching: RHP Roberto Cortez
|
|
|
Batting: RHB Tom Thompson
|
0-0: Ball 1-0: Fly out, F4 (Popup, 4D, EV 51.9 MPH)
|
|
Batting: RHB Torquato Obawole
|
0-0: Ball 1-0: Called Strike 1-1: Swinging Strike 1-2: Foul Ball, location: 2F 1-2: Fly out, F3 (Line Drive, 3, EV 72.5 MPH)
|
|
Batting: RHB Isaiah Brockman
|
0-0: Swinging Strike 0-1: Ground out 5-3 (Groundball, 56S, EV 91.9 MPH)
|
| Bottom of the 1st over - 0 runs, 0 hits, 0 errors, 0 left on base; Dayton 0 - Greensboro 0 |
| TOP OF THE 2ND |
|
Dayton Dragons batting - Pitching for Greensboro Grasshoppers : RHP Tim Barnett
|
|
Batting: LHB Chris Grunwald
|
0-0: Ball 1-0: Foul Ball, location: 2F 1-1: Foul Ball, location: 2F 1-2: Ball 2-2: Ground out U3 (Groundball, 3, EV 103.8 MPH)
|
|
Batting: RHB Bruno André
|
0-0: Ball 1-0: Ball 2-0: Ball 3-0: Base on Balls
|
|
Batting: RHB Ben Hinman
|
0-0: Ball 1-0: Called Strike 1-1: Ball 2-1: Ball Bruno André steals 2nd base 3-1: Base on Balls
|
|
Batting: RHB Pat Grover
|
0-0: Foul Ball, location: 2F 0-1: Ball 1-1: Swinging Strike 1-2: Strikes out swinging
|
|
Batting: RHB Travis Petrick
|
0-0: Called Strike 0-1: Hit by Pitch Bruno André to third Ben Hinman to second
|
|
Batting: RHB Tim Walter
|
0-0: Called Strike 0-1: Foul Ball, location: 2F 0-2: Ball 1-2: Ball 2-2: Strikes out looking
|
| Top of the 2nd over - 0 runs, 0 hits, 0 errors, 3 left on base; Dayton 0 - Greensboro 0 |
| BOTTOM OF THE 2ND |
|
Greensboro Grasshoppers batting - Pitching for Dayton Dragons : RHP Roberto Cortez
|
|
Batting: RHB Jake Shelton
|
0-0: Foul Ball, location: 2F 0-1: Ball 1-1: Ball 2-1: Ball 3-1: Base on Balls
|
|
Batting: RHB Boof Howell
|
0-0: Ball 1-0: Called Strike 1-1: Reached on error, E6 (Groundball, 6, EV 86.2 MPH) Jake Shelton to second
|
|
Batting: RHB Masumitsu Sugiura
|
0-0: Swinging Strike 0-1: Ball 1-1: Called Strike 1-2: Foul Ball, location: 2F 1-2: Strikes out looking
|
|
Batting: RHB Jordan Arcidez
|
0-0: Hit by Pitch Jake Shelton to third Boof Howell to second
|
|
Batting: RHB Bob Raine
|
0-0: SINGLE (Groundball, 6MD, EV 107.5 MPH) Jake Shelton scores Boof Howell to third Jordan Arcidez to second Runner from 3rd tries for Home, throw by CF and OUT! 8-2
|
|
Batting: RHB Wei-guo Tsu
|
0-0: Fly out, F8 (Flyball, 8LD, EV 97.5 MPH)
|
| Bottom of the 2nd over - 1 run, 1 hit, 1 error, 2 left on base; Dayton 0 - Greensboro 1 |
| TOP OF THE 3RD |
|
Dayton Dragons batting - Pitching for Greensboro Grasshoppers : RHP Tim Barnett
|
|
Batting: LHB Nick Nino
|
0-0: Called Strike 0-1: Ball 1-1: Ball 2-1: Called Strike 2-2: Ball 3-2: Ground out 4-3 (Groundball, 4, EV 85.0 MPH)
|
|
Batting: LHB Leo Gomez
|
0-0: Ball 1-0: Swinging Strike 1-1: Ball 2-1: Foul Ball, location: 2F 2-2: Ground out 6-3 (Groundball, 4M, EV 88.1 MPH)
|
|
Batting: SHB Kristian Kristensen
|
0-0: Ball 1-0: Called Strike 1-1: Foul Ball, location: 2F 1-2: Ball 2-2: Foul Ball, location: 2F 2-2: Foul Ball, location: 2F 2-2: Ground out 6-3 (Groundball, 6MS, EV 78.8 MPH)
|
| Top of the 3rd over - 0 runs, 0 hits, 0 errors, 0 left on base; Dayton 0 - Greensboro 1 |
| BOTTOM OF THE 3RD |
|
Greensboro Grasshoppers batting - Pitching for Dayton Dragons : RHP Roberto Cortez
|
|
Batting: RHB Tom Thompson
|
0-0: Bunt missed! 0-1: Called Strike 0-2: Ball 1-2: Foul Ball, location: 2F 1-2: Ball 2-2: Ball 3-2: Base on Balls
|
|
Batting: RHB Torquato Obawole
|
0-0: Called Strike 0-1: Called Strike 0-2: Ground out 6-3 (Groundball, 6, EV 77.5 MPH) Tom Thompson to second
|
|
Batting: RHB Isaiah Brockman
|
0-0: Ball Tom Thompson steals 3rd base 1-0: Called Strike 1-1: Foul Ball, location: 2F 1-2: Ground out 5-3 (Groundball, 56S, EV 89.4 MPH) Tom Thompson scores
|
|
Batting: RHB Jake Shelton
|
0-0: Ball 1-0: Ball 2-0: Called Strike 2-1: Fly out, F8 (Flyball, 8LXD, EV 104.4 MPH)
|
| Bottom of the 3rd over - 1 run, 0 hits, 0 errors, 0 left on base; Dayton 0 - Greensboro 2 |
| TOP OF THE 4TH |
|
Dayton Dragons batting - Pitching for Greensboro Grasshoppers : RHP Tim Barnett
|
|
Batting: LHB Chris Grunwald
|
0-0: Foul Ball, location: 2F 0-1: Foul Ball, location: 2F 0-2: Ball 1-2: Ball 2-2: Ball 3-2: Foul Ball, location: 2F 3-2: Foul Ball, location: 2F 3-2: Foul Ball, location: 2F 3-2: Foul Ball, location: 2F 3-2: Foul Ball, location: 2F 3-2: SINGLE (Flyball, 89S, EV 91.9 MPH)
|
|
Batting: RHB Bruno André
|
0-0: Ball 1-0: Ball Chris Grunwald steals 2nd base 2-0: Swinging Strike 2-1: Ball 3-1: Foul Ball, location: 2F 3-2: Foul Ball, location: 2F 3-2: Ground out 5-3 (Groundball, 56, EV 105.0 MPH)
|
|
Batting: RHB Ben Hinman
|
0-0: Ball 1-0: Foul Ball, location: 2F 1-1: Foul Ball, location: 2F 1-2: Ball 2-2: Fly out, F8 (Flyball, 8LD, EV 83.8 MPH) Runner from 2nd tags up, SAFE at 3rd with throw by CF
|
|
Batting: RHB Pat Grover
|
0-0: SINGLE (Groundball, 56D, EV 100.0 MPH) Chris Grunwald scores
|
|
Batting: RHB Travis Petrick
|
0-0: Ground out 6-3 (Groundball, 6S, EV 58.8 MPH)
|
| Top of the 4th over - 1 run, 2 hits, 0 errors, 1 left on base; Dayton 1 - Greensboro 2 |
| BOTTOM OF THE 4TH |
|
Greensboro Grasshoppers batting - Pitching for Dayton Dragons : RHP Roberto Cortez
|
|
Batting: RHB Boof Howell
|
0-0: Called Strike 0-1: Ball 1-1: SINGLE (Groundball, 6S, EV 68.1 MPH) (infield hit)
|
|
Batting: RHB Masumitsu Sugiura
|
0-0: Foul Ball, location: 2F 0-1: Ball 1-1: Foul Ball, location: 2F 1-2: Strikes out swinging Boof Howell steals 2nd base Batter strikes out.
|
|
Batting: RHB Jordan Arcidez
|
0-0: Called Strike 0-1: Ball 1-1: Ball 2-1: Swinging Strike 2-2: Ball 3-2: Strikes out swinging
|
|
Batting: RHB Bob Raine
|
0-0: Foul Ball, location: 2F 0-1: Swinging Strike 0-2: Strikes out swinging
|
| Bottom of the 4th over - 0 runs, 1 hit, 0 errors, 1 left on base; Dayton 1 - Greensboro 2 |
| TOP OF THE 5TH |
|
Dayton Dragons batting - Pitching for Greensboro Grasshoppers : RHP Tim Barnett
|
|
Batting: RHB Tim Walter
|
0-0: Foul Ball, location: 2F 0-1: SINGLE (Groundball, 13, EV 90.0 MPH) (infield hit)
|
|
Batting: LHB Nick Nino
|
0-0: Called Strike 0-1: Ball 1-1: Ball 2-1: SINGLE (Groundball, P, EV 95.6 MPH) Tim Walter to second Runner from 2nd tries for 3rd, SAFE, throw by CF made to third
|
|
Pitching: RHP Reinaart Meyer
|
|
|
Batting: LHB Leo Gomez
|
0-0: Called Strike 0-1: Ground out U3 (Groundball, 34S, EV 67.5 MPH) Tim Walter scores Nick Nino to second
|
|
Batting: SHB Kristian Kristensen
|
0-0: Ball Nick Nino steals 3rd base 1-0: Ball 2-0: Ball 3-0: Base on Balls
|
|
Batting: LHB Chris Grunwald
|
0-0: Called Strike 0-1: Called Strike 0-2: Foul Ball, location: 2F 0-2: Ball 1-2: Foul Ball, location: 2F 1-2: Ball 2-2: Strikes out looking
|
|
Pinch Hitting: LHB Matt Kennedy
|
0-0: Called Strike 0-1: Called Strike 0-2: Strikes out looking
|
| Top of the 5th over - 1 run, 2 hits, 0 errors, 2 left on base; Dayton 2 - Greensboro 2 |
| BOTTOM OF THE 5TH |
|
Greensboro Grasshoppers batting - Pitching for Dayton Dragons : RHP Roberto Cortez
|
|
Now in LF: Matt Kennedy
|
|
|
Batting: RHB Wei-guo Tsu
|
0-0: Swinging Strike 0-1: Ball 1-1: Swinging Strike 1-2: Strikes out swinging
|
|
Batting: RHB Tom Thompson
|
0-0: SINGLE (Groundball, 4MD, EV 104.4 MPH)
|
|
Batting: RHB Torquato Obawole
|
0-0: Called Strike Tom Thompson steals 2nd base 0-1: Called Strike 0-2: Strikes out swinging
|
|
Batting: RHB Isaiah Brockman
|
0-0: Foul Ball, location: 2F 0-1: Ball 1-1: Foul Ball, location: 2F 1-2: Ball 2-2: Foul Ball, location: 2F 2-2: Strikes out swinging
|
| Bottom of the 5th over - 0 runs, 1 hit, 0 errors, 1 left on base; Dayton 2 - Greensboro 2 |
| TOP OF THE 6TH |
|
Dayton Dragons batting - Pitching for Greensboro Grasshoppers : RHP Reinaart Meyer
|
|
Batting: RHB Ben Hinman
|
0-0: Called Strike 0-1: Ball 1-1: Ball 2-1: Called Strike 2-2: Strikes out looking
|
|
Batting: RHB Pat Grover
|
0-0: Ball 1-0: Foul Ball, location: 2F 1-1: Swinging Strike 1-2: Foul Ball, location: 2F 1-2: Hit by Pitch
|
|
Pitching: RHP Chris Forster
|
|
|
Batting: RHB Travis Petrick
|
0-0: Called Strike 0-1: Ball 1-1: Ball 2-1: Fielders Choice at 2nd, 1-6 (Groundball, 34S, EV 71.2 MPH)
|
|
Batting: RHB Tim Walter
|
0-0: Ball 1-0: Foul Ball, location: 2F 1-1: Swinging Strike 1-2: Strikes out looking
|
| Top of the 6th over - 0 runs, 0 hits, 0 errors, 1 left on base; Dayton 2 - Greensboro 2 |
| BOTTOM OF THE 6TH |
|
Greensboro Grasshoppers batting - Pitching for Dayton Dragons : RHP Roberto Cortez
|
|
Batting: RHB Jake Shelton
|
0-0: Called Strike 0-1: Ground out 2-3 (Groundball, 2L, EV 68.1 MPH)
|
|
Batting: RHB Boof Howell
|
0-0: Ball 1-0: Ball 2-0: Called Strike 2-1: Ball 3-1: Called Strike 3-2: DOUBLE (Line Drive, 8RD, EV 100.0 MPH)
|
|
Batting: RHB Masumitsu Sugiura
|
0-0: Swinging Strike 0-1: Ball 1-1: Called Strike 1-2: Fly out, F9 (Line Drive, 9, EV 100.6 MPH)
|
|
Batting: RHB Jordan Arcidez
|
0-0: Ball 1-0: Swinging Strike 1-1: Called Strike 1-2: Strikes out swinging
|
| Bottom of the 6th over - 0 runs, 1 hit, 0 errors, 1 left on base; Dayton 2 - Greensboro 2 |
| TOP OF THE 7TH |
|
Dayton Dragons batting - Pitching for Greensboro Grasshoppers : RHP Chris Forster
|
|
Pitching: LHP Joe Foster
|
|
|
Pinch Hitting: RHB Frank Moron
|
0-0: Called Strike 0-1: Ball 1-1: Fly out, F4 (Popup, 23, EV 85.6 MPH)
|
|
Batting: LHB Leo Gomez
|
0-0: Foul Ball, location: 2F 0-1: Foul Ball, location: 2F 0-2: Ball 1-2: Strikes out swinging
|
|
Batting: SHB Kristian Kristensen
|
0-0: Swinging Strike 0-1: Ball 1-1: Ball 2-1: Foul Ball, location: 2F 2-2: Fly out, F7 (Flyball, 7D, EV 86.9 MPH)
|
| Top of the 7th over - 0 runs, 0 hits, 0 errors, 0 left on base; Dayton 2 - Greensboro 2 |
| BOTTOM OF THE 7TH |
|
Greensboro Grasshoppers batting - Pitching for Dayton Dragons : RHP Roberto Cortez
|
|
Now at 2B: John Galluzzo
|
|
|
Batting: RHB Bob Raine
|
0-0: SINGLE (Groundball, 56D, EV 98.1 MPH)
|
|
Batting: RHB Wei-guo Tsu
|
0-0: Ball 1-0: DOUBLE (Line Drive, 9LM, EV 86.9 MPH) Bob Raine to third
|
|
Pitching: LHP Tim Ketcham
|
|
|
Batting: RHB Tom Thompson
|
0-0: Ball 1-0: Ball 2-0: Called Strike 2-1: Foul Ball, location: 2F 2-2: Ball 3-2: Strikes out swinging
|
|
Batting: RHB Torquato Obawole
|
0-0: Called Strike 0-1: Ball 1-1: Ball 2-1: Foul Ball, location: 2F 2-2: Foul Ball, location: 2F 2-2: Ball 3-2: Base on Balls
|
|
Batting: RHB Isaiah Brockman
|
0-0: Called Strike 0-1: Ball 1-1: Foul Ball, location: 2F 1-2: Ball 2-2: Ball 3-2: Base on Balls Bob Raine scores Wei-guo Tsu to third Torquato Obawole to second
|
|
Batting: RHB Jake Shelton
|
0-0: Called Strike 0-1: Grounds into fielders choice U2 (Groundball, 2L, EV 73.1 MPH) Torquato Obawole to third Isaiah Brockman to second
|
|
Batting: RHB Boof Howell
|
0-0: Called Strike 0-1: Ball 1-1: Foul Ball, location: 2F 1-2: Strikes out swinging
|
| Bottom of the 7th over - 1 run, 2 hits, 0 errors, 3 left on base; Dayton 2 - Greensboro 3 |
| TOP OF THE 8TH |
|
Dayton Dragons batting - Pitching for Greensboro Grasshoppers : LHP Joe Foster
|
|
Batting: LHB Chris Grunwald
|
0-0: Foul Ball, location: 2F 0-1: Fly out, F7 (Line Drive, 7D, EV 92.5 MPH)
|
|
Batting: LHB Matt Kennedy
|
0-0: Ball 1-0: Called Strike 1-1: Ground out 6-3 (Groundball, 6, EV 80.0 MPH)
|
|
Pitching: RHP Tamirat Abboud
|
|
|
Pinch Hitting: LHB Andrew Hamm
|
0-0: Ball 1-0: Ball 2-0: Ball 3-0: Base on Balls
|
|
Batting: RHB Pat Grover
|
0-0: Ball 1-0: Called Strike 1-1: Swinging Strike 1-2: SINGLE (Groundball, 34D, EV 98.8 MPH) Andrew Hamm to second Runner from 2nd tries for 3rd, OUT! 9-5
|
| Top of the 8th over - 0 runs, 1 hit, 0 errors, 1 left on base; Dayton 2 - Greensboro 3 |
| BOTTOM OF THE 8TH |
|
Greensboro Grasshoppers batting - Pitching for Dayton Dragons : LHP Tim Ketcham
|
|
Pitching: RHP Justin Ambrose
|
|
|
Now at 1B: Andrew Hamm
|
|
|
Batting: RHB Masumitsu Sugiura
|
0-0: Called Strike 0-1: Ball 1-1: Called Strike 1-2: Ball 2-2: Foul Ball, location: 2F 2-2: Strikes out looking
|
|
Batting: RHB Jordan Arcidez
|
0-0: Ball 1-0: Called Strike 1-1: Ball 2-1: Swinging Strike 2-2: Strikes out looking
|
|
Batting: RHB Bob Raine
|
0-0: Called Strike 0-1: Ball 1-1: DOUBLE (Groundball, 5L, EV 111.2 MPH)
|
|
Batting: RHB Wei-guo Tsu
|
0-0: Foul Ball, location: 2F 0-1: Called Strike 0-2: Ball 1-2: Ground out 5-3 (Groundball, 5L, EV 105.0 MPH)
|
| Bottom of the 8th over - 0 runs, 1 hit, 0 errors, 1 left on base; Dayton 2 - Greensboro 3 |
| TOP OF THE 9TH |
|
Dayton Dragons batting - Pitching for Greensboro Grasshoppers : RHP Tamirat Abboud
|
|
Pitching: RHP Tim Poist
|
|
|
Batting: RHB Travis Petrick
|
0-0: Called Strike 0-1: Called Strike 0-2: Ball 1-2: Ball 2-2: Ground out 4-3 (Groundball, 4, EV 86.9 MPH)
|
|
Batting: RHB Tim Walter
|
0-0: Called Strike 0-1: Fly out, F8 (Line Drive, 8LD, EV 85.0 MPH)
|
|
Batting: RHB John Galluzzo
|
0-0: Ball 1-0: Ground out 6-3 (Groundball, 56S, EV 81.2 MPH)
|
| Top of the 9th over - 0 runs, 0 hits, 0 errors, 0 left on base; Dayton 2 - Greensboro 3 |
|